Map: Neon Violet Square LE

Players

Scarlett

  • Race: Zerg Zerg
  • League: Master
  • Spawn Location: 5:00

SpeCial - Winner!

  • Race: Terran Terran
  • League: Master
  • Spawn Location: 11:00

VOD

Have the link to the VOD?

Description

Time

  • Played on: Dec. 23, 2017, 10:03 p.m.
  • Length: 12:30
Show
View Real Time Build Order
Export as new Build Order

Scarlett Zerg 

Build Orders: Hatch First 

Get SALT Encoding   

  12  0:00  Drone  
  13  0:14  Overlord  
  13  0:17  Drone  
  14  0:32  Drone x2  
  16  0:36  Drone  
  17  0:53  Hatchery  
  17  0:56  Drone  
  17  0:59  Drone  
  18  1:11  Extractor  
  18  1:15  Spawning Pool  
  18  1:17  Drone  
  17  1:21  Drone  
  18  1:30  Drone  
  19  1:40  Overlord  
  19  1:52  Drone  
  20  2:01  Queen  
  20  2:02  Drone  
  20  2:05  Queen  
  20  2:06  Zergling x2  
  26  2:10  Metabolic Boost  
  26  2:13  Drone  
  27  2:16  Zergling x2  
  28  2:23  Drone  
  28  2:28  Drone  
  30  2:39  Hatchery  
  29  2:45  Drone  
  29  2:50  Overlord, Drone x2  
  32  2:56  Queen  
  34  3:01  Drone x2  
  36  3:10  Drone x2  
  36  3:11  Drone x2  
  40  3:17  Overlord  
  40  3:21  Drone x2  
  42  3:29  Queen  
  44  3:35  Queen  
  44  3:40  Zergling x4  
  48  3:41  Drone x2  
  48  3:42  Drone  
  48  3:43  Drone  
  52  3:49  Overlord  
  52  3:56  Drone x2  
  52  4:01  Queen  
  56  4:05  Drone x2  
  56  4:07  Overlord, Queen  
  57  4:20  Drone x6  
  54  4:25  Drone  
  54  4:26  Drone  
  55  4:33  Drone  
  55  4:34  Drone  
  55  4:37  Drone x2  
  55  4:38  Drone  
  60  4:40  Baneling Nest  
  60  4:41  Zergling x2  
  60  4:44  Queen  
  62  4:48  Zergling x4  
  62  4:52  Drone  
  65  4:53  Spore Crawler  
  64  5:01  Drone x5  
  66  5:14  Zergling x4  
  67  5:21  Drone x8  
  71  5:32  Drone x4  
  71  5:34  Baneling x4  
  74  5:37  Extractor  
  74  5:38  Extractor, Evolution Chamber, Drone  
  74  5:39  Evolution Chamber  
  74  5:40  Drone  
  72  5:43  Drone x2  
  72  5:45  Spore Crawler x2  
  72  5:46  Queen  
  74  5:50  Overlord  
  74  5:55  Overlord  
  74  5:57  Overlord  
  74  6:04  Lair  
  74  6:05  Zerg Melee Weapons Level 1  
  74  6:08  Drone x5  
  74  6:09  Drone x2  
  81  6:11  Drone  
  81  6:16  Zerg Missile Weapons Level 1  
  81  6:17  Drone x2  
  84  6:23  Extractor x2  
  84  6:24  Drone  
  83  6:28  Drone x6  
  83  6:30  Baneling x4, Extractor  
  83  6:31  Hatchery  
  83  6:32  Zergling x4  
  89  6:37  Drone  
  89  6:39  Drone  
  91  6:44  Overlord  
  91  6:48  Overlord  
  91  6:51  Drone  
  91  6:52  Drone x2  
  94  7:08  Zergling x18  
  103  7:16  Zergling x6  
  103  7:20  Centrifical Hooks  
  105  7:22  Spire  
  101  7:38  Drone  
  101  7:39  Drone x7  
  101  7:40  Hatchery  
  101  7:41  Zergling x2  
  101  7:42  Zergling x4  
  101  7:43  Zergling x4  
  113  7:49  Overlord x2  
  110  7:58  Zergling x4  
  112  7:59  Hatchery  
  112  8:00  Overlord x3  
  112  8:01  Zerg Melee Weapons Level 2  
  111  8:10  Hydralisk Den, Zerg Ground Armor Level 1  
  111  8:12  Drone x8  
  118  8:15  Drone x3  
  118  8:16  Extractor, Overlord x2  
  118  8:17  Extractor  
  118  8:19  Zergling x8  
  122  8:21  Baneling x8  
  119  8:30  Zergling x6  
  119  8:31  Zergling x2  
  122  8:37  Infestation Pit  
  122  8:41  Zergling x20  
  107  8:50  Zergling x2  
  107  8:51  Zergling x8  
  107  8:53  Baneling x6  
  107  8:54  Hydralisk x2  
  111  8:55  Muscular Augments  
  111  9:00  Hydralisk  
  111  9:01  Hydralisk x2  
  117  9:07  Hydralisk  
  111  9:13  Hydralisk x4  
  111  9:14  Hydralisk x3  
  111  9:16  Hive  
  123  9:19  Drone x5  
  123  9:20  Drone  
  124  9:36  Hydralisk x6  
  136  9:41  Baneling  
  136  9:42  Baneling x8  
  136  9:47  Drone x3  
  136  9:48  Hatchery  
  138  9:55  Overseer  
  127  10:02  Hydralisk  
  127  10:03  Hydralisk x2, Zergling x2  
  127  10:04  Zergling x16  
  130  10:07  Zerg Ground Armor Level 2  
  130  10:12  Zergling x16  
  132  10:16  Overseer x2  
  132  10:20  Hydralisk x3  
  134  10:31  Greater Spire  
  134  10:34  Baneling x14  
  134  10:43  Hydralisk x5  
  134  10:48  Zergling x8  
  140  11:04  Zergling x6  
  140  11:05  Zergling x4  
  140  11:10  Corruptor x6  
  154  11:44  Hatchery, Brood Lord  
  154  11:45  Brood Lord  
  157  11:49  Overlord x5  
Show
View Real Time Build Order
Export as new Build Order

SpeCial Terran - Winner!

Build Orders: Liberator Opening, MMM Bio 

Get SALT Encoding   

  12  0:00  SCV  
  13  0:12  SCV  
  14  0:18  Supply Depot  
  14  0:24  SCV  
  15  0:29  Refinery  
  15  0:39  SCV  
  16  0:45  Barracks  
  16  0:51  SCV  
  17  1:03  SCV  
  18  1:15  SCV  
  20  1:33  Reaper, Orbital Command  
  20  1:44  Command Center  
  20  1:54  Factory  
  20  1:59  SCV  
  21  2:07  Supply Depot  
  21  2:09  Barracks Reactor  
  21  2:12  SCV  
  22  2:22  Refinery  
  22  2:24  SCV  
  23  2:37  SCV  
  24  2:45  Starport  
  24  2:49  SCV  
  25  2:52  Marine, Hellion x2  
  30  3:00  Orbital Command  
  30  3:02  SCV  
  31  3:14  Hellion x2  
  31  3:16  SCV  
  36  3:21  Medivac  
  38  3:27  SCV  
  38  3:28  SCV  
  38  3:30  Barracks Tech Lab  
  40  3:39  SCV  
  40  3:41  Supply Depot  
  41  3:42  Hellion  
  41  3:45  Hellion, Liberator  
  41  3:46  SCV  
  46  4:02  SCV x2  
  51  4:04  Supply Depot  
  51  4:05  Armory  
  51  4:14  SCV  
  51  4:15  SCV  
  54  4:17  Hellion  
  54  4:26  Hellion  
  54  4:27  SCV x2  
  58  4:33  Stimpack  
  58  4:39  SCV  
  58  4:44  Command Center  
  58  4:45  Marine  
  59  4:50  SCV  
  61  4:57  SCV  
  62  5:01  Barracks  
  62  5:02  Barracks  
  62  5:08  Supply Depot  
  62  5:13  Factory Reactor  
  62  5:15  SCV x2  
  62  5:16  Marine  
  59  5:26  Engineering Bay x2  
  59  5:27  SCV x2  
  55  5:33  Marine  
  51  5:39  SCV x2, Refinery x2  
  51  5:41  Starport Reactor  
  53  5:51  Marine, SCV x2  
  53  5:56  Orbital Command  
  56  5:58  Marine x2  
  56  5:59  Marine x2  
  56  6:01  Factory Reactor  
  56  6:03  SCV x2  
  62  6:07  Terran Infantry Armor Level 1, Terran Infantry Weapons Level 1  
  62  6:09  Marine  
  63  6:13  Barracks  
  63  6:15  SCV  
  63  6:16  Marine x2  
  63  6:17  Orbital Command  
  66  6:18  Medivac x2  
  66  6:19  Barracks  
  66  6:23  Marine x2  
  66  6:24  Supply Depot  
  72  6:27  Marine, SCV  
  72  6:29  SCV  
  75  6:34  Marine  
  75  6:36  Marine, Combat Shields  
  75  6:38  Widow Mine x2  
  82  6:40  SCV  
  82  6:41  Marine x2, SCV  
  82  6:45  Supply Depot  
  82  6:46  SCV  
  86  6:47  Supply Depot  
  86  6:48  Marine  
  86  6:52  Marine, SCV, Medivac  
  86  6:53  SCV  
  92  6:58  SCV  
  93  7:06  Marine x2, Medivac, SCV  
  93  7:07  SCV, Widow Mine, Barracks Reactor x2  
  101  7:09  Marine  
  101  7:10  Supply Depot  
  101  7:12  Supply Depot, SCV  
  101  7:13  Marine x2  
  105  7:19  SCV x2  
  107  7:24  Marine, SCV  
  107  7:29  Marine x2  
  109  7:32  SCV  
  109  7:33  Marine x2  
  112  7:38  SCV x2  
  112  7:42  Supply Depot, Marine, Barracks  
  112  7:43  Marine x3, Barracks  
  112  7:44  Marine, Barracks  
  119  7:45  Widow Mine x2  
  119  7:46  Medivac  
  119  7:50  Marine  
  124  7:51  Medivac  
  124  7:54  Marine x2  
  124  7:55  Marine  
  124  7:59  SCV x2  
  124  8:00  Marine  
  124  8:01  Marine x3  
  124  8:03  Terran Infantry Weapons Level 2  
  130  8:08  Terran Infantry Armor Level 2  
  130  8:10  Terran Vehicle And Ship Armor Level 1  
  130  8:11  Supply Depot  
  130  8:16  Marine x3  
  130  8:17  Marine x2  
  130  8:18  Marine  
  130  8:19  Marine  
  137  8:21  Widow Mine x2  
  141  8:27  Marine x2  
  141  8:32  Marine x2, Medivac x2  
  141  8:33  Marine  
  148  8:36  Supply Depot x2  
  148  8:39  Marauder  
  146  8:43  Marine x3  
  143  8:52  Marine x2  
  143  8:53  Barracks Reactor  
  143  8:54  Barracks Tech Lab  
  143  8:55  Widow Mine x2  
  141  8:58  Supply Depot  
  141  9:01  Marauder  
  143  9:03  Barracks Tech Lab  
  143  9:07  Medivac x2  
  132  9:12  Marine x2, Marauder  
  132  9:15  Marine  
  134  9:20  Marine x2  
  134  9:22  Marine, Marauder  
  134  9:23  Marine  
  138  9:31  Command Center  
  138  9:34  Marine, Marauder  
  138  9:35  Marine x5, Marauder  
  138  9:37  Supply Depot, Concussive Shells  
  142  9:41  Marine x2  
  142  9:44  Missile Turret, Marauder, Widow Mine  
  146  9:53  Marine x3  
  146  9:55  Marine x4, Marauder  
  148  10:02  Marine x3, Marauder  
  148  10:05  Medivac, Marauder  
  146  10:11  Marine x3  
  146  10:13  Marine  
  134  10:15  Marine  
  134  10:17  Marauder  
  134  10:18  Marine x2  
  134  10:20  Marine  
  134  10:21  Marine  
  135  10:24  Marauder  
  135  10:26  Marauder  
  135  10:27  SCV  
  135  10:28  SCV x2  
  143  10:31  Marine  
  143  10:34  Marine  
  145  10:37  Marine x2  
  145  10:38  Marauder  
  145  10:40  Marine, SCV x3  
  153  10:45  Marauder  
  153  10:46  Marine  
  153  10:47  Marine  
  153  10:48  Marauder  
  159  10:50  Planetary Fortress  
  159  11:00  Marine  
  159  11:01  Marauder  
  150  11:06  Marine x3  
  150  11:07  Marine x3, Marauder  
  150  11:08  Marine x4  
  162  11:14  Liberator  
  162  11:17  Refinery  
  162  11:18  Refinery  
  162  11:19  Starport  
  162  11:21  Marine  
  162  11:22  Marauder  
  162  11:24  Marine  
  166  11:26  Liberator  
  166  11:27  Marauder  
  167  11:33  SCV x3  
  167  11:36  SCV  
  167  11:37  Marine, Refinery x2  
  167  11:38  Marine, Marauder  
  175  11:45  Missile Turret, SCV  
  179  11:51  Marine x3  
  179  11:52  Marine, Marauder  
  179  11:53  Marine x2  
  187  11:57  Marine, Marauder  
  190  12:07  Marine, Marauder  
  183  12:22  Unknown x4  
Tags
 
Add a new tag
Caveats
  • Supply blocks, unpowered buildings, or Contaminate may cause inaccurate times.
  • Supply counts are checked every 10 seconds.